cohdb
Replays
Latest Replays
All Replays
Popular Replays
Top Player Replays
Match Explorer
How It Works
Community
CoH3 Stats
Reddit
Sign in to upload your games and track your stats! →
Sign in with Steam
Match 40941288
Unlisted
Match 40941288
Overview
Messages
Build Orders
End
Construct Barracks
Selects Heavy Weapons
Riflemen Squad
Riflemen Squad
Riflemen Squad
Construct Medical Station
Infantry Support Center
Construct Weapon Support Center
Selects Assault Carriers
Bazooka Squad
M3 Assault Carrier
Selects Exchangeable Parts
M1918 Browning Automatic Rifles
M3 Assault Carrier
Grenade Package
Engineer Squad
M3 Assault Carrier
Engineer Squad
Advanced Logistics
Survival Training
Improved M9 Bazooka Rockets
Engineer Squad
Munitions Surplus
Mortar Pit
Selects M26 Pershing Heavy Tank
M26 Pershing Heavy Tank
Demolitions Package
Selects M2HB .50cal Heavy Machine Gun
M1919 Machine Gun Team
MasterStef
Phillip II - Gorlami
0
0
Comments
sign in to comment!
No comments posted yet!